 Dungeon Crawl Stone Soup version 0.27-a0-29-g2d0a2396b0 (webtiles) character file.

Game seed: 6800380044384223679

1325 pkoi the Martial Artist (level 8, -15/75 HPs)
             Began as a Pale Draconian Monk on Jan 4, 2021.
             Demolished by an orc warrior
             ... wielding a +0 trident
              (17 damage)
             ... on level 6 of the Dungeon.
             The game lasted 00:05:21 (6412 turns).

pkoi the Martial Artist (Pale Draconian Monk)       Turns: 6412, Time: 00:05:22

Health: -15/75     AC:  6    Str: 14    XL:     8   Next: 34%
Magic:  8/8        EV: 15    Int: 11    God:
Gold:   158        SH:  0    Dex: 15    Spells: 7/7 levels left

rFire    . . .     SeeInvis .     - Unarmed
rCold    + . .     Faith    .   (no shield)
rNeg     . . .     Spirit   .   (armour unavailable)
rPois    .         Reflect  .   (helmet restricted)
rElec    .         Harm     .   h - scarf {repulsion}
rCorr    .         Rampage  .   (no gloves)
Will     .....                  (no boots)
Stlth    ++........             (no amulet)
HPRegen  0.22/turn              c - ring of flight
MPRegen  0.11/turn              g - ring of protection from cold

@: repel missiles
A: breathe steam, unfitting armour, talons 1, robust 1, cold-blooded, AC +6
a: Breathe Steam, Evoke Flight


You were on level 6 of the Dungeon.
You visited 1 branch of the dungeon, and saw 6 of its levels.

You collected 197 gold pieces.
You spent 39 gold pieces at shops.

Inventory:

Missiles
 e - 8 poisoned darts (quivered)
Armour
 h - a scarf of repulsion (worn)
Jewellery
 c - a ring of flight (left hand)
 g - a ring of protection from cold (right hand)
Scrolls
 a - 2 scrolls of enchant armour
 f - 2 scrolls of teleportation
 j - a scroll of blinking
 k - a scroll of amnesia {unknown}
Potions
 b - 3 potions of mutation
 d - a potion of cancellation
 i - a potion of might {unknown}
 l - a potion of brilliance {unknown}


   Skills:
 + Level 5.5 Fighting
 + Level 4.6 Dodging
 - Level 1.7 Stealth
 * Level 8.9 Unarmed Combat


You had 7 spell levels left.
You didn't know any spells.
Your spell library contained the following spells:

 Spells                   Type           Power        Failure   Level
 Animate Skeleton         Necr           0%           34%         1
 Apportation              Tloc           0%           34%         1
 Corona                   Hex            0%           34%         1
 Summon Small Mammal      Summ           0%           34%         1


Dungeon Overview and Level Annotations

Branches:
Dungeon (6/15)             Temple (0/1) D:6

Altars:
Yredelemnul

Shops:
D:4 ?   D:5 *


Innate Abilities, Weirdness & Mutations

You can breathe blasts of scalding, opaque steam.
Your pale cyan-grey scales are hard. (AC +6)
You cannot fit into any form of body armour.
You are cold-blooded and may be slowed by cold attacks.
You have sharp toenails.
You are robust. (+10% HP)


Message History

You are too injured to fight recklessly!
You are too injured to fight recklessly!
You are too injured to fight recklessly!
Unknown command.
The orc warrior hits you from afar with a +0 trident!!
* * * LOW HITPOINT WARNING * * *
The white imp gestures at you. The puff of frost hits you. You resist.
* * * LOW HITPOINT WARNING * * *
The white imp gestures at you. The puff of frost hits you. You resist.
* * * LOW HITPOINT WARNING * * *
The white imp gestures at you. The puff of frost misses you.
The white imp gestures at you. The puff of frost hits you. You resist.
* * * LOW HITPOINT WARNING * * *
There is a stone staircase leading up here.
The orc warrior hits you from afar with a +0 trident!
You die...

.#.. .#.. .....
.....# ...... .#
#.#... .....
###.###.# .....
#.@#....###...#
#...##........#
##..o.........# #
###..........#.##
##.............
#.........#....
##..?5..........
............#####
..........[).#


You could see an orc warrior and a white imp.

Vanquished Creatures
  A water moccasin (D:3)
  An ice beast (D:5)
  4 ogres
  A centaur (D:5)
  A scorpion (D:5)
  A howler monkey (D:5)
  A bullfrog zombie (D:5)
  2 hounds
  A quasit (D:5)
  4 orc priests
  A bullfrog skeleton (D:4)
  An orc wizard (D:3)
  2 iguanas (D:5)
  A gnoll shaman (D:5)
  A worker ant (D:4)
  A hound zombie (D:5)
  5 adders
  5 gnolls (D:5)
  An ufetubus (D:5)
  An adder skeleton (D:4)
  5 worms
  5 dart slugs
  2 leopard geckos
  14 orcs
  2 ball pythons
  4 giant cockroaches
  2 goblins
  6 hobgoblins
  3 quokkas
  4 bats
  6 frilled lizards
  A giant cockroach zombie (D:5)
  A jackal skeleton (D:4)
  5 kobolds
  A quokka skeleton (D:5)
  13 rats
  A spectral orc (D:3)
111 creatures vanquished.

Vanquished Creatures (others)
  11 plants (D:2)
11 creatures vanquished.

Grand Total: 122 creatures vanquished

Notes
Turn   | Place    | Note
-------+----------+-------------------------------------------
     0 | D:1      | pkoi the Draconian Monk began the quest for the Orb.
     0 | D:1      | Reached XP level 1. HP: 19/19 MP: 1/1
   378 | D:1      | Reached XP level 2. HP: 26/26 MP: 2/2
   888 | D:2      | Reached skill level 4 in Unarmed Combat
  1019 | D:2      | Reached XP level 3. HP: 31/31 MP: 3/3
  1714 | D:2      | Reached skill level 5 in Unarmed Combat
  1714 | D:2      | Reached XP level 4. HP: 12/38 MP: 4/4
  1728 | D:2      | Gained mutation: You are robust. (+10% HP) [potion of
                  | mutation]
  1728 | D:2      | Gained mutation: You have sharp toenails. [potion of
                  | mutation]
  1744 | D:2      | HP: 2/41 [worm (8)]
  3053 | D:3      | Found a basalt altar of Yredelemnul.
  3278 | D:3      | Noticed a water moccasin
  3295 | D:3      | Killed a water moccasin
  3296 | D:3      | Reached skill level 6 in Unarmed Combat
  3296 | D:3      | Reached XP level 5. HP: 26/49 MP: 5/5
  3719 | D:4      | Reached XP level 6. HP: 51/56 MP: 6/6
  3918 | D:4      | Reached skill level 7 in Unarmed Combat
  4456 | D:4      | Found Bohafeah's Magic Scroll Boutique.
  4464 | D:4      | Bought a scroll of teleportation for 39 gold pieces
  4670 | D:5      | Entered Level 5 of the Dungeon
  4690 | D:5      | Your scales start taking on a pale cyan-grey colour.
  4690 | D:5      | Reached XP level 7. HP: 64/64 MP: 7/7
  5094 | D:5      | Reached skill level 8 in Unarmed Combat
  5176 | D:5      | Found Nenits's Elemental Accessories.
  5192 | D:5      | Reached skill level 5 in Fighting
  5284 | D:5      | Reached XP level 8. HP: 59/74 MP: 8/8
  6392 | D:6      | Found a staircase to the Ecumenical Temple.
  6410 | D:6      | HP: 2/75 [white imp/puff of frost (4)]
  6412 | D:6      | Demolished by an orc warrior

Illustrated notes

Levels and vault maps discovered:
D:1:      matt_arrival_spirals, layout_basic
D:2:      layout_basic, serial_bayou, serial_bayou_lagoon_a,
          serial_bayou_shore_a, serial_bayou_ford_a, serial_bayou_pond_d
D:3:      minmay_wonky_spiral, layout_loops_corners,
          yredelemnul_forgotten_temple_becter
D:4:      layout_basic, serial_shops, shop
D:5:      layout_basic, nicolae_elemental_shop, kennysheep_path_1
D:6:      layout_cave_pools, minmay_temple_entry_drinking_statues,
          nicolae_qazlal_general_emergency

Skill      XL: |  1  2  3  4  5  6  7 |
---------------+----------------------+-----
Unarmed Combat | 4 5 6 7 8 |  8.9
Dodging        | 3 4 |  4.6
Fighting       | 4 5 |  5.5
Stealth        | |  1.7

Action                   |  1- 3 |  4- 6 |  7- 9 || total
-------------------------+-------+-------+-------++-------
Melee: Unarmed           |   130 |   132 |   133 ||   395
       Tailslap          |    12 |    21 |    11 ||    44
       Punch             |     2 |     4 |     2 ||     8
       Kick              |       |    37 |    33 ||    70
 Abil: Breathe Steam     |       |       |     2 ||     2
  Use: Scroll            |       |     7 |       ||     7
       Potion            |       |     2 |       ||     2
 Stab: Sleeping          |     3 |     3 |     2 ||     8
Armor: Skin              |    31 |    19 |    35 ||    85
Dodge: Dodged            |    94 |    77 |    95 ||   266

Table legend: (Time is in decaauts)
 A = Elapsed time spent in this place.
 B = Non-inter-level travel time spent in this place.
 C = Inter-level travel time spent in this place.
 D = Time resting spent in this place.
 E = Time spent auto-exploring this place.
 F = Levels seen in this place.
 G = Mean time per level.
                   A        B        C        D        E       F      G
               +--------+--------+--------+--------+--------+-----+--------+
         Total |   6406 |   6186 |    220 |   1543 |   3719 |   6 | 1067.7 |
       Dungeon |   6406 |   6186 |    220 |   1543 |   3719 |   6 | 1067.7 |
               +--------+--------+--------+--------+--------+-----+--------+

Top non-repeatable levels by time:
     D:2: 1640 daAuts
     D:5: 1480 daAuts
     D:3: 1290 daAuts
     D:4: 1094 daAuts
     D:1: 874 daAuts
     D:6: 24 daAuts
